 Dungeon Crawl Stone Soup version 0.27.0-1-g7a089689b8 (webtiles) character file.

Game seed: 11271199215570706413

161 ZombieSheep the Ducker (level 5, 0/47 HPs)
             Began as a Gnoll Monk on Aug 11, 2021.
             Splashed by a jelly's acid (8 damage)
             ... on level 3 of the Dungeon.
             The game lasted 00:03:40 (2992 turns).

ZombieSheep the Ducker (Gnoll Monk)                 Turns: 2992, Time: 00:03:41

Health: 0/47       AC: -1    Str: 10    XL:     5   Next: 42%
Magic:  7/7        EV: 10    Int: 11    God:
Gold:   73         SH:  0    Dex: 14    Spells: 6/6 levels left

rFire    . . .     SeeInvis .   a - +0 spear
rCold    . . .     Faith    .   (no shield)
rNeg     . . .     Spirit   .   l - +0 scale mail
rPois    .         Reflect  .   (no helmet)
rElec    .         Harm     .   (no cloak)
rCorr    .         Rampage  .   (no gloves)
Will     .....                  (no boots)
Stlth    +.........             (no amulet)
HPRegen  0.15/turn              (no ring)
MPRegen  0.10/turn              (no ring)

@: corroded
A: fangs 1, strong nose, distributed training
a: no special abilities


You were on level 3 of the Dungeon.
You visited 1 branch of the dungeon, and saw 3 of its levels.

You collected 73 gold pieces.

Inventory:

Hand Weapons
 a - a +0 spear (weapon)
 b - a +1 whip of freezing
Missiles
 g - 86 stones (quivered)
Armour
 i - a +0 ring mail
 l - a +0 scale mail (worn)
Jewellery
 d - a +6 ring of strength
Scrolls
 h - a scroll of enchant armour
 j - a scroll of immolation {unknown}
Potions
 c - 2 potions of brilliance {unknown}
 e - 3 potions of curing
 f - a potion of heal wounds {unknown}
 k - a potion of magic


   Skills:
 + Level 6.7 Fighting
 + Level 1.4 Short Blades
 + Level 1.4 Long Blades
 + Level 1.4 Axes
 + Level 1.4 Maces & Flails
 + Level 6.7 Polearms
 + Level 1.4 Staves
 + Level 1.4 Slings
 + Level 1.4 Bows
 + Level 1.4 Crossbows
 + Level 1.4 Throwing
 + Level 1.4 Armour
 + Level 6.7 Dodging
 + Level 4.4 Stealth
 + Level 1.4 Shields
 + Level 1.4 Unarmed Combat
 + Level 1.4 Spellcasting
 + Level 1.1 Conjurations
 + Level 1.1 Hexes
 + Level 1.1 Summonings
 + Level 1.1 Necromancy
 + Level 1.1 Translocations
 + Level 1.1 Transmutations
 + Level 1.1 Fire Magic
 + Level 1.1 Ice Magic
 + Level 1.1 Air Magic
 + Level 1.1 Earth Magic
 + Level 1.1 Poison Magic
 + Level 1.6 Invocations
 + Level 1.4 Evocations


You had 6 spell levels left.
You didn't know any spells.
Your spell library was empty.

Dungeon Overview and Level Annotations

Branches:
Dungeon (3/15)

Altars:
Elyvilon


Innate Abilities, Weirdness & Mutations

You have very sharp teeth.
Your uncanny sense of smell can sniff out nearby items.
Your experience applies equally to all skills.


Message History

The dart slug barely misses you.
You hit the dart slug but do no damage.
The dart slug is almost dead.
The dart slug closely misses you.
Unknown command.
You reach to attack!
You hit the dart slug but do no damage.
The dart slug is almost dead.
The dart slug launches a dart at you.
The slug dart hits you but does no damage.
You reach to attack!
You hit the dart slug.
You kill the dart slug!
You hit the dart slug but do no damage. You hit the dart slug.
You bite the dart slug, but do no damage.
The dart slug is heavily wounded.
The dart slug closely misses you.
You hit the dart slug.
The dart slug is almost dead.
The jelly jiggles.
You hit the dart slug.
You kill the dart slug!
You reach to attack!
You hit the jelly.
The jelly is moderately wounded.
You hit the jelly. The acid corrodes you!
Your hands burn!
The jelly is severely wounded.
The jelly hits you.
You are splashed with acid!
You hit the jelly but do no damage.
Your hands burn!
You punch the jelly, but do no damage.
The jelly is severely wounded.
The jelly hits you. The acid corrodes you!
You are splashed with acid!
You are too injured to fight recklessly!
You are too injured to fight recklessly!
You hit the jelly.
Your hands burn!
* * * LOW HITPOINT WARNING * * *
You bite the jelly, but do no damage.
The jelly is severely wounded.
It was a potion of magic.
Magic courses through your body. The jelly hits you.
* * * LOW HITPOINT WARNING * * *
You are splashed with acid!
You die...

#.. #########.# #...
#.........# #....####
#.........# .... ...#
#.........#
#....##.####.......).###
...........'............ ≈w≈.
...####.####.........### ≈≈≈≈
...# #.# #.........#
≈≈≈≈.#..# #@# #.........# #
≈≈≈≈≈#..####J# #.........###
≈≈≈≈.......####.........#.. o
∆#≈≈#...........#######.#.#
..o≈#.............# #.#.#
≈.o≈o≈...[........#######.#.#
≈#w≈≈≈.#................).#)#
≈≈≈≈≈#.#..........#########.#
#≈≈≈ #.#..........'.........#


You could see a jelly.

Vanquished Creatures
  An orc priest (D:3)
  Jessica (D:2)
  An orc wizard (D:3)
  2 adders (D:2)
  A worm (D:2)
  8 dart slugs
  3 orcs (D:3)
  2 bats (D:2)
  3 endoplasms (D:2)
  3 goblins
  5 hobgoblins (D:2)
  2 jackals (D:1)
  A quokka (D:2)
  4 ball pythons
  4 frilled lizards
  3 kobolds
  A rat (D:3)
45 creatures vanquished.

Vanquished Creatures (others)
  2 fungi (D:3)
  2 plants (D:3)
4 creatures vanquished.

Grand Total: 49 creatures vanquished

Notes
Turn   | Place    | Note
-------+----------+-------------------------------------------
     0 | D:1      | ZombieSheep the Gnoll Monk began the quest for the Orb.
     0 | D:1      | Reached XP level 1. HP: 23/23 MP: 1/1
   493 | D:1      | Reached XP level 2. HP: 29/29 MP: 2/2
  1413 | D:2      | Reached XP level 3. HP: 32/35 MP: 3/3
  1512 | D:2      | Noticed Jessica
  1524 | D:2      | Killed Jessica
  1525 | D:2      | Reached skill level 1 in Short Blades
  1525 | D:2      | Reached skill level 1 in Long Blades
  1525 | D:2      | Reached skill level 1 in Axes
  1525 | D:2      | Reached skill level 1 in Maces & Flails
  1525 | D:2      | Reached skill level 1 in Staves
  1525 | D:2      | Reached skill level 1 in Slings
  1525 | D:2      | Reached skill level 1 in Bows
  1525 | D:2      | Reached skill level 1 in Crossbows
  1525 | D:2      | Reached skill level 1 in Throwing
  1525 | D:2      | Reached skill level 1 in Armour
  1525 | D:2      | Reached skill level 1 in Shields
  1525 | D:2      | Reached skill level 1 in Unarmed Combat
  1525 | D:2      | Reached skill level 1 in Spellcasting
  1525 | D:2      | Reached skill level 1 in Invocations
  1525 | D:2      | Reached skill level 1 in Evocations
  1806 | D:2      | Reached XP level 4. HP: 41/41 MP: 5/5
  2382 | D:3      | Found a white marble altar of Elyvilon.
  2592 | D:3      | Reached skill level 1 in Conjurations
  2592 | D:3      | Reached skill level 1 in Hexes
  2592 | D:3      | Reached skill level 1 in Summonings
  2592 | D:3      | Reached skill level 1 in Necromancy
  2592 | D:3      | Reached skill level 1 in Translocations
  2592 | D:3      | Reached skill level 1 in Transmutations
  2592 | D:3      | Reached skill level 1 in Fire Magic
  2592 | D:3      | Reached skill level 1 in Ice Magic
  2592 | D:3      | Reached skill level 1 in Air Magic
  2592 | D:3      | Reached skill level 1 in Earth Magic
  2592 | D:3      | Reached skill level 1 in Poison Magic
  2800 | D:3      | Reached XP level 5. HP: 47/47 MP: 6/6
  2992 | D:3      | Splashed by a jelly's acid

Illustrated notes

Levels and vault maps discovered:
D:1:      minmay_arrival_cross, layout_basic, moated_statue,
          hangedman_decor_peaks_small, minmay_misc_feat_square,
          columned_hall_lemuel, ebering_dispersal_statue_hall
D:2:      layout_basic, uniq_jessica
D:3:      kennysheep_slugbush, layout_basic, lemuel_crystal_altar,
          dreamdust_ecumenical_altar_grove

Skill      XL: |  1  2  3  4 |
---------------+-------------+-----
Short Blades   | 1 |  1.4
Long Blades    | 1 |  1.4
Axes           | 1 |  1.4
Maces & Flails | 1 |  1.4
Staves         | 1 |  1.4
Slings         | 1 |  1.4
Bows           | 1 |  1.4
Crossbows      | 1 |  1.4
Throwing       | 1 |  1.4
Armour         | 1 |  1.4
Shields        | 1 |  1.4
Unarmed Combat | 1 |  1.4
Spellcasting   | 1 |  1.4
Invocations    | 1 |  1.6
Evocations     | 1 |  1.4
Conjurations   | 1 |  1.1
Hexes          | 1 |  1.1
Summonings     | 1 |  1.1
Necromancy     | 1 |  1.1
Translocations | 1 |  1.1
Transmutations | 1 |  1.1
Fire Magic     | 1 |  1.1
Ice Magic      | 1 |  1.1
Air Magic      | 1 |  1.1
Earth Magic    | 1 |  1.1
Poison Magic   | 1 |  1.1
Fighting       | |  6.7
Polearms       | |  6.7
Dodging        | |  6.7
Stealth        | |  4.4

Action                   |  1- 3 |  4- 6 || total
-------------------------+-------+-------++-------
Melee: Spear             |    84 |   134 ||   218
       Bite              |     8 |    10 ||    18
       Punch             |       |     1 ||     1
  Use: Scroll            |     1 |     2 ||     3
       Potion            |       |     1 ||     1
 Stab: Sleeping          |     6 |     6 ||    12
Armor: Leather armour    |     9 |       ||     9
       Ring mail         |       |     7 ||     7
       Scale mail        |       |     8 ||     8
Dodge: Dodged            |    32 |    38 ||    70
